 Dungeon Crawl Stone Soup version 0.29.0-13-gc9e81de378 (webtiles) character file.

Game seed: 313128827827463983

2368 robertstho the Shooter (level 9, -4/49 (56) HPs)
             Began as a Tengu Berserker on Sept 9, 2022.
             Was an Elder of Trog.
             Slain by a wight
             ... wielding a +2 scimitar
              (13 damage)
             ... on level 7 of the Dungeon.
             The game lasted 00:07:20 (7268 turns).

robertstho the Shooter (Tengu Berserker)            Turns: 7268, Time: 00:07:21

HP:   -4/49 (56)    AC: 12    Str: 23    XL:     9   Next: 44%
MP:   10/10         EV: 10    Int: 13    God:    Trog [****..]
Gold: 252           SH:  0    Dex: 13    Spells: 8/8 levels left

rFire   + . .      SeeInvis .   c - +9 sling "Sask" {flame, rCorr Stlth+}
rCold   . . .      Faith    .   (no shield)
rNeg    . . .      Spirit   .   b - +0 plate armour
rPois   .          Reflect  .   (helmet restricted)
rElec   .          Harm     .   (no cloak)
rCorr   +          Rampage  .   (no gloves)
Will    .....                   (boots unavailable)
Stlth   ..........              (no amulet)
HPRegen 0.16/turn               h - +6 ring of intelligence
MPRegen 0.12/turn               A - ring of protection from fire

@: flying quickly and evasively, heavily drained, quick
A: beak, talons 3, nimble flight
a: Renounce Religion, Berserk, Trog's Hand, Brothers in Arms


You were on level 7 of the Dungeon.
You worshipped Trog.
Trog was greatly pleased with you.
You visited 1 branch of the dungeon, and saw 8 of its levels.
You also visited: Ossuary.

You collected 252 gold pieces.

Inventory:

Hand Weapons
 c - the +9 sling "Sask" (weapon) {flame, rCorr Stlth+}
   (You found it on level 2 of the Dungeon)

   Any ammunition fired from it burns those it strikes, dealing additional fire
   damage.
   rCorr:     It protects you from acid and corrosion.
   Stlth:     It makes you more stealthy.
 u - a +2 trident of venom
Armour
 b - a +0 plate armour (worn)
Jewellery
 h - a +6 ring of intelligence (left hand)
 A - a ring of protection from fire (right hand)
Wands
 z - a wand of charming (5)
Scrolls
 a - a scroll of brand weapon {unknown}
 d - 3 scrolls of enchant weapon
 g - a scroll of teleportation
 q - a scroll of amnesia {unknown}
 r - a scroll of fear
 v - 2 scrolls of torment {unknown}
 x - a scroll of enchant armour {unknown}
 y - a scroll of poison {unknown}
Potions
 e - a potion of curing {unknown}
 f - 3 potions of mutation {unknown}
 i - a potion of flight {unknown}
 j - 4 potions of berserk rage {unknown}
 k - a potion of invisibility {unknown}
 l - 3 potions of might {unknown}
 m - 3 potions of brilliance {unknown}
 n - a potion of heal wounds
 o - 2 potions of ambrosia {unknown}
 p - a potion of degeneration {unknown}
 s - 3 potions of resistance
 w - a potion of haste


   Skills:
 * Level 6.4 Fighting
 + Level 4.8 Long Blades
 + Level 7.8 Ranged Weapons
 * Level 6.4 Armour
 * Level 5.7 Dodging
 + Level 1.2 Stealth


You had 8 spell levels left.
You didn't know any spells.
Your spell library was empty.

Dungeon Overview and Level Annotations

Branches:
Dungeon (8/15)             Temple (0/1) D:5         Ossuary (visited)
   Lair: D:8-11

Altars:
Kikubaaqudgha
Qazlal
Zin

Annotations:
D:4 2 transporters


Innate Abilities, Weirdness & Mutations

You have a beak for a mouth.
You have claws for feet.
Your magical nature lets you fly swiftly and evasively.


Message History

The sling bullet closely misses the wight.
The wight hits you but does no damage.
Fire: c) +9 sling "Sask" {flame, rCorr Stlth+}
Press: ? - help, Q - select action, (/) - cycle Shift-Dir - straight line, f/p - wight
Aim: a wight, wielding a +2 scimitar and wearing a +0 robe (moderately damaged, 71% to hit)
You shoot a sling bullet.
The sling bullet hits the wight but does no damage.
The wight is moderately damaged.
The wight hits you with a +2 scimitar.
You feel drained. The wight hits you with a +2 scimitar.
* * * LOW HITPOINT WARNING * * *
You feel drained.
Fire: c) +9 sling "Sask" {flame, rCorr Stlth+}
Press: ? - help, Q - select action, (/) - cycle Shift-Dir - straight line, f/p - wight
Aim: a wight, wielding a +2 scimitar and wearing a +0 robe (moderately damaged, 71% to hit)
You shoot a sling bullet.
The sling bullet completely misses the wight.
The wight hits you but does no damage.
Fire: c) +9 sling "Sask" {flame, rCorr Stlth+}
Press: ? - help, Q - select action, (/) - cycle Shift-Dir - straight line, f/p - wight
Aim: a wight, wielding a +2 scimitar and wearing a +0 robe (moderately damaged, 71% to hit)
You shoot a sling bullet. The sling bullet hits the wight.
The sling bullet burns the wight.
The wight is heavily damaged.
The wight hits you but does no damage. The wight hits you with a +2 scimitar.
* * * LOW HITPOINT WARNING * * *
Fire: c) +9 sling "Sask" {flame, rCorr Stlth+}
Press: ? - help, Q - select action, (/) - cycle Shift-Dir - straight line, f/p - wight
Aim: a wight, wielding a +2 scimitar and wearing a +0 robe (heavily damaged, 71% to hit)
You shoot a sling bullet.
The sling bullet barely misses the wight.
The wight barely misses you.
Fire: c) +9 sling "Sask" {flame, rCorr Stlth+}
Press: ? - help, Q - select action, (/) - cycle Shift-Dir - straight line, f/p - wight
Aim: a wight, wielding a +2 scimitar and wearing a +0 robe (heavily damaged, 71% to hit)
You shoot a sling bullet. The sling bullet hits the wight.
The sling bullet burns the wight.
The wight is almost destroyed.
The wight hits you with a +2 scimitar!
You die...

.....#..#
.#..####.#####
#..###..# ...
#........######
....##..# ..
#.##.##†.......
........##
#.#.##.##.#######
#...##..#...#.#.##.##.#
#...# .........#....#
#...# ..#.#.#).#.#..#
....# #.#..#.##.# .....
# #.@#.##.# ....##
#.)z..#.# #....
.......#)## #..#.
###.#..#)# #. #.#..#.#
.. # #..#.# #..#.#
#..#.# .. ... .#


You could see a wight.

Vanquished Creatures
  Sigmund (D:4)
  A wraith (Ossuary)
  3 water moccasins
  2 black bears
  An orc warrior (D:7)
  2 sky beasts
  2 ogres
  Blork the orc (D:4)
  A bullfrog (D:7)
  A necrophage (D:6)
  3 scorpions
  4 wights (D:7)
  A howler monkey (D:5)
  2 orc priests
  A hound (D:5)
  2 iguanas
  2 jellies
  Jessica (D:3)
  Terence (D:3)
  2 orc wizards
  A mummy (Ossuary)
  5 adders
  A shadow imp (D:6)
  A white imp (D:6)
  An ufetubus (D:6)
  A worm (D:3)
  4 dart slugs
  17 orcs
  7 ball pythons
  6 endoplasms
  6 giant cockroaches
  6 goblins
  9 hobgoblins
  5 quokkas
  4 bats
  A frilled lizard (D:1)
  5 gnoll skeletons (Ossuary)
  6 kobolds
  7 kobold skeletons (Ossuary)
  13 orc skeletons (Ossuary)
  5 rats
  2 rat zombies (D:4)
147 creatures vanquished.

Vanquished Creatures (others)
  An orc wizard (D:5)
1 creature vanquished.

Grand Total: 148 creatures vanquished

Notes
Turn   | Place    | Note
-------+----------+-------------------------------------------
     0 | D:1      | robertstho the Tengu Berserker began the quest for the Orb.
     0 | D:1      | Reached XP level 1. HP: 14/14 MP: 2/2
   312 | D:1      | Reached XP level 2. HP: 19/19 MP: 3/3
   693 | D:1      | Reached XP level 3. HP: 20/23 MP: 4/4
  1423 | D:2      | Found a faded altar of an unknown god.
  1917 | D:2      | Found a stormy altar of Qazlal.
  2236 | D:2      | Reached XP level 4. HP: 23/28 MP: 5/5
  2242 | D:2      | Identified the +9 sling "Sask" {flame, rCorr Stlth+}
  2603 | D:3      | Noticed Jessica
  2604 | D:3      | Killed Jessica
  2605 | D:3      | Reached skill level 1 in Stealth
  2658 | D:3      | Noticed Terence
  2672 | D:3      | Killed Terence
  2673 | D:3      | Gained mutation: Your magical nature lets you fly swiftly
                  | and evasively. [Tengu growth]
  2673 | D:3      | Reached XP level 5. HP: 6/33 MP: 6/6
  3073 | D:3      | Reached ** piety under Trog
  3119 | D:3      | Noticed an ogre
  3124 | D:3      | Killed an ogre
  3125 | D:3      | Reached skill level 1 in Ranged Weapons
  3552 | D:4      | Noticed Blork the orc
  3561 | D:4      | Killed Blork the orc
  3562 | D:4      | Reached skill level 2 in Ranged Weapons
  3562 | D:4      | Reached XP level 6. HP: 16/38 MP: 7/7
  3784 | D:4      | Found a transporter.
  3901 | D:4      | Noticed a black bear
  3910 | D:4      | Killed a black bear
  3911 | D:4      | Reached skill level 3 in Ranged Weapons
  3911 | D:4      | Reached XP level 7. HP: 29/44 MP: 8/8
  3944 | D:4      | Found a sand-covered staircase.
  3965 | Ossuary  | Entered an ossuary
  3965 | Ossuary  | Noticed a wraith
  3965 | Ossuary  | Noticed a wraith
  3965 | Ossuary  | Noticed a wraith
  4201 | Ossuary  | Noticed a wraith
  4234 | Ossuary  | Killed a wraith
  4479 | Ossuary  | Reached *** piety under Trog
  4792 | D:4      | Found a transporter.
  4798 | D:4      | Noticed Sigmund
  4803 | D:4      | Killed Sigmund
  4804 | D:4      | Reached skill level 5 in Fighting
  4804 | D:4      | Reached skill level 4 in Ranged Weapons
  4804 | D:4      | Reached skill level 5 in Armour
  4804 | D:4      | Reached XP level 8. HP: 47/49 MP: 9/9
  5076 | D:4      | Found an ancient bone altar of Kikubaaqudgha.
  5078 | D:4      | Found a glowing silver altar of Zin.
  5307 | D:5      | Entered Level 5 of the Dungeon
  5495 | D:5      | Reached skill level 5 in Ranged Weapons
  5536 | D:5      | Found a staircase to the Ecumenical Temple.
  5870 | D:5      | Reached skill level 6 in Ranged Weapons
  5993 | D:6      | Reached skill level 5 in Dodging
  6208 | D:6      | Reached XP level 9. HP: 55/55 MP: 10/10
  6220 | D:6      | Reached **** piety under Trog
  6251 | D:6      | Reached skill level 7 in Ranged Weapons
  6656 | D:7      | You are sucked into a shaft and drop 1 floor!
  7268 | D:7      | Slain by a wight

Illustrated notes

Levels and vault maps discovered:
D:1:      saegor_arrival_simple_e, layout_loops_ring, minmay_strange_pillars
D:2:      layout_basic, basic_altar, chequers_ecumenical_altar_simple
D:3:      layout_loops_ring, uniq_jessica, uniq_terence
D:4:      gammafunk_wand_slinger, layout_gridville, nicolae_overflow_squiral,
          enter_ossuary_4, uniq_sigmund, uniq_blork_the_orc
D:5:      layout_basic, minmay_temple_entry_sparse_star, minivault_11
D:6:      layout_rooms
D:7:      layout_basic, chequers_jeans
D:8:      layout_rooms, minivault_24, minmay_between, uniq_maggie

Skill      XL: |  1  2  3  4  5  6  7  8  9 |
---------------+----------------------------+-----
Long Blades    | 4 |  4.8
Stealth        | 1 |  1.2
Armour         | 3 4 5 6 |  6.4
Dodging        | 3 4 5 |  5.7
Fighting       | 4 5 6 |  6.4
Ranged Weapons | 2 3 4 6 7 |  7.8

Action                   |  1- 3 |  4- 6 |  7- 9 || total
-------------------------+-------+-------+-------++-------
Melee: Falchion          |    95 |     5 |    46 ||   146
       Kick              |    24 |     2 |    13 ||    39
       Peck              |     7 |     2 |     6 ||    15
       Punch             |     1 |       |     2 ||     3
       Short sword       |       |       |     1 ||     1
 Fire: Sling             |       |    55 |   195 ||   250
Invok: Berserk           |     1 |     2 |     1 ||     4
  Use: Scroll            |     2 |     1 |     3 ||     6
       Potion            |       |       |     1 ||     1
 Stab: Sleeping          |     3 |       |       ||     3
Armor: Animal skin       |    19 |       |       ||    19
       Chain mail        |    18 |     6 |       ||    24
       Plate armour      |       |    12 |   108 ||   120
Dodge: Dodged            |    73 |    18 |    72 ||   163
